 Dungeon Crawl Stone Soup version 0.18-a0-1789-gbeff17f (webtiles) character file.

49 Mefis the Magician (level 4, -1/30 HPs)
             Began as a Human Wizard on Apr 21, 2016.
             Slain by an adder (4 damage)
             ... on level 2 of the Dungeon.
             The game lasted 00:14:29 (2349 turns).

Mefis the Magician (Human Wizard)                   Turns: 2349, Time: 00:14:29

Health: -1/30      AC:  2    Str:  7    XL:     4   Next: 1%
Magic:  1/9        EV: 12    Int: 20    God:
Gold:   159        SH:  0    Dex: 13    Spells: 5 memorised, 0 levels left

rFire  . . .     SeeInvis .     r - +0 short sword
rCold  . . .     Gourm    .     a - +0 robe
rNeg   . . .     Faith    .     (no shield)
rPois  .         Spirit   .     b - +0 hat
rElec  .         Dismiss  .     (no cloak)
rCorr  .         Reflect  .     (no gloves)
SustAt .         Harm     .     (no boots)
MR     .....                    (no amulet)
Stlth  ++........               (no ring)
                                v - +2 ring of dexterity

@: lethally poisoned (-1 -> -7), very slightly contaminated, repel missiles, not
resistant to hostile enchantments, unstealthy
A: no striking features
a: no special abilities


You were on level 2 of the Dungeon.
You were hungry.

You visited 1 branch of the dungeon, and saw 3 of its levels.

You collected 159 gold pieces.

Inventory:

Hand Weapons
 n - a +0 dagger
 r - a +0 short sword (weapon)
Missiles
 f - 7 curare-tipped needles
 i - a throwing net (quivered)
 q - 33 arrows
 y - 8 javelins
 A - 23 sling bullets
Armour
 a - a +0 robe (worn)
 b - a +0 hat (worn)
Jewellery
 v - a +2 ring of dexterity (left hand)
Scrolls
 e - a scroll of identify
 k - a scroll of fear
 l - 2 scrolls of blinking {unknown}
 p - a scroll of noise {unknown}
 t - a scroll of fog {unknown}
 u - a scroll of enchant weapon {unknown}
 w - a scroll of magic mapping {unknown}
 x - 2 scrolls of teleportation {unknown}
Potions
 g - a potion of resistance {unknown}
 j - a potion of degeneration {unknown}
 o - a potion of flight {unknown}
 z - a potion of mutation {unknown}
Books
 c - a book of Minor Magic

   Spells                             Type                      Level
   a - Magic Dart                     Conjuration                  1
   b - Blink                          Translocation                2
   c - Call Imp                       Summoning                    2
   d - Repel Missiles                 Charms/Air                   2
   e - Slow                           Hexes                        2
   f - Conjure Flame                  Conjuration/Fire             3
   g - Mephitic Cloud                 Conjuration/Poison/Air       3
Miscellaneous
 B - a plain deck of defence {the Potion, drawn: 1}
Comestibles
 d - a bread ration
 h - a beef jerky
 m - a meat ration
 s - 9 fruits


   Skills:
 + Level 0.4 Short Blades
 + Level 2.5 Dodging
 + Level 2.2 Stealth
 + Level 3.7 Spellcasting
 + Level 1.5 Conjurations
 + Level 1.0 Summonings
 + Level 1.0 Translocations


You couldn't memorise any spells.
You knew the following spells:

 Your Spells              Type           Power        Failure   Level  Hunger
a - Magic Dart            Conj           #...         10%         1    None
b - Call Imp              Summ           #.......     17%         2    ##.....
c - Blink                 Tloc           N/A          17%         2    ##.....
d - Repel Missiles        Chrm/Air       #.....       24%         2    ##.....
e - Mephitic Cloud        Conj/Pois/Air  #.......     38%         3    ###....


Dungeon Overview and Level Annotations

Branches:
Dungeon (3/15)

Altars:
Elyvilon
Nemelex Xobeh


Message History

* * * LOW HITPOINT WARNING * * *
You feel sick.
There is a stone staircase leading down here.
Casting: Call Imp
Confirm with . or Enter, or press ? or * to list all spells.
You don't have enough magic to cast that spell.
You hit the giant gecko.
The giant gecko is severely wounded.
The giant gecko barely misses you. The adder bites you but does no damage.
The giant gecko bites you.
* * * LOW HITPOINT WARNING * * *
Read which item? (? for menu, Esc to quit)
As you read the scroll of fear, it crumbles to dust.
You assume a fearsome visage.
The giant gecko looks frightened!
The adder looks frightened!
* * * LOW HITPOINT WARNING * * *
You feel sick.
Cornered, the adder turns to fight!
* * * LOW HITPOINT WARNING * * *
You feel sick. The adder bites you but does no damage. The adder bites you.
You die...

.....####.#≈..♣..≈#.#.#......#<..
####.# #...........#.#..###.###.
#.# #...♣._.♣...#.#..###.....
####'#####..........#.#..........
.......# ##≈..♣..≈#.#.##.########
.......# #≈≈...≈≈#.#..(.........
.......# ###...###.####.########
.......# ##..#S#......# .......#
#.l.@>######## .......# #######
.......# ######## ..##.###
#......# ..##.###########......#
......................#
..###############'##### ..# #.#
..# #.#


You could see an adder and a giant gecko (fleeing).

Vanquished Creatures
  A dart slug (D:1)
  3 giant geckos (D:2)
  4 giant cockroaches
  A goblin (D:2)
  3 hobgoblins
  2 jackals (D:2)
  A quokka (D:2)
  3 bats (D:1)
  7 giant newts
  9 kobolds
  7 rats
41 creatures vanquished.

Vanquished Creatures (collateral kills)
  A worm (D:2)
  A kobold (D:2)
2 creatures vanquished.

Grand Total: 43 creatures vanquished

Notes
Turn   | Place    | Note
--------------------------------------------------------------
     0 | D:1      | Mefis the Human Wizard began the quest for the Orb.
     0 | D:1      | Reached XP level 1. HP: 13/13 MP: 4/4
   556 | D:1      | Reached XP level 2. HP: 19/19 MP: 4/6
   563 | D:1      | Learned a level 2 spell: Call Imp
   566 | D:1      | Learned a level 2 spell: Blink
   569 | D:1      | Learned a level 2 spell: Repel Missiles
   977 | D:1      | Reached XP level 3. HP: 24/24 MP: 1/8
  1276 | D:2      | Found a white marble altar of Elyvilon.
  1818 | D:2      | Found a faded altar to an unknown god.
  1868 | D:2      | Found a sparkling altar of Nemelex Xobeh.
  2278 | D:2      | Reached XP level 4. HP: 30/30 MP: 4/9
  2283 | D:2      | Learned a level 3 spell: Mephitic Cloud
  2349 | D:2      | Slain by an adder

Vault maps used:
D:1:      grunt_arrival_lava_bath, minmay_strange_pillars,
          serial_park_tiny_pond, amethyst_killhole
D:2:      nemelex_deck, elyvilon_altar_4, ecumenical_altar_2

Action                   |  1- 3 |  4- 6 || total
-------------------------+-------+-------++-------
Melee: Unarmed           |    16 |       ||    16
       Dagger            |     3 |       ||     3
       Short sword       |    23 |     5 ||    28
 Cast: Magic Dart        |    97 |     4 ||   101
       Repel Missiles    |     1 |       ||     1
       Call Imp          |     2 |       ||     2
Evoke: Deck              |     1 |       ||     1
  Use: Scroll            |     3 |     1 ||     4
 Stab: Sleeping          |     1 |       ||     1
  Eat: Chunk             |     3 |       ||     3
       Fruit             |     1 |       ||     1
Armor: Robe              |    16 |     5 ||    21
Dodge: Dodged            |    49 |    12 ||    61
